 Dungeon Crawl Stone Soup version 0.29.1-15-g9cfb28693d (webtiles) character file.

Game seed: 11006321836500892302

98 croobank the Firebug (level 4, -2/32 HPs)
             Began as a Demonspawn Fire Elementalist on Apr 11, 2023.
             Slain by a goblin
             ... wielding a +0 dagger
             ... led by Robin
              (6 damage)
             ... on level 2 of the Dungeon.
             The game lasted 00:08:04 (2045 turns).

croobank the Firebug (Demonspawn Fire Elementalist) Turns: 2045, Time: 00:08:05

Health: -2/32      AC:  2    Str:  8    XL:     4   Next: 43%
Magic:  7/7        EV: 12    Int: 18    God:
Gold:   73         SH:  0    Dex: 14    Spells: 5/8 levels left

rFire   . . .      SeeInvis .   l - +0 short sword
rCold   + . .      Faith    .   (no shield)
rNeg    . . .      Spirit   .   a - +0 robe
rPois   .          Reflect  .   (helmet restricted)
rElec   .          Harm     .   (no cloak)
rCorr   .          Rampage  .   (no gloves)
Will    .....                   (no boots)
Stlth   ++........              (no amulet)
HPRegen 0.10/turn               m - ring of protection from cold
MPRegen 0.10/turn               (no ring)

@: no status effects
A: antennae 1, powered by death 1
a: no special abilities


You were on level 2 of the Dungeon.
You visited 1 branch of the dungeon, and saw 2 of its levels.

You collected 73 gold pieces.

Inventory:

Hand Weapons
 d - a +0 whip
 l - a +0 short sword (weapon)
Armour
 a - a +0 robe (worn)
 f - a +1 leather armour
Jewellery
 m - a ring of protection from cold (left hand)
 p - a ring of ice
Scrolls
 c - a scroll of noise
 i - a scroll of fog


   Skills:
 + Level 1.1 Fighting
 + Level 2.4 Dodging
 + Level 2.4 Stealth
 + Level 2.5 Spellcasting
 + Level 1.9 Conjurations
 + Level 3.1 Fire Magic


You had 5 spell levels left.
You knew the following spells:

 Your Spells              Type           Power      Damage    Failure   Level
a - Foxfire               Conj/Fire      44%        2x1d6     6%          1
b - Scorch                Fire           26%        2d6       7%          2

Your spell library contained the following spells:

 Spells                   Type           Power      Damage    Failure   Level
 Conjure Flame            Conj/Fire      11%        6-21      19%         3
 Inner Flame              Hex/Fire       7%         N/A       26%         3
 Teleport Other           Tloc           2%         N/A       45%         3
 Flame Wave               Conj/Fire      11%        2d6       52%         4
 Passage of Golubria      Tloc           2%         N/A       86%         4
 Summon Forest            Summ/Tloc      1%         N/A       99%         5
 Summon Mana Viper        Hex/Summ       2%         N/A       99%         5
 Dispersal                Tloc           1%         N/A       100%        6
 Statue Form              Tmut/Erth      1%         N/A       100%        6
 Summon Cactus Giant      Summ           1%         N/A       100%        6
 Lehudib's Crystal Spear  Conj/Erth      2%         10d2      100%        8


Dungeon Overview and Level Annotations

Branches:
Dungeon (2/15)

Altars:

Annotations:
D:2 Robin


Innate Abilities, Weirdness & Mutations

You have a pair of small antennae on your head.
You regenerate a little health from kills.


Message History

The hobgoblin shouts!
The goblin shouts!
The hobgoblin shouts!
The goblin shouts! x2
Robin barely misses you.
You hit Robin.
Robin is lightly wounded.
The foxfire hits Robin but does no damage.
Robin is lightly wounded.
The foxfire hits Robin.
Robin is moderately wounded.
Robin completely misses you.
As you read the scroll of identify, it crumbles to dust.
j - a potion of ambrosia Robin throws the goblin at you!
The goblin hits you with a +0 club.
As you read the scroll labelled LAUHUV FEORA, it crumbles to dust.
You feel aware of your surroundings.
It was a scroll of magic mapping.
Robin hits you with a +4 mace of protection!
The goblin hits you with a +0 club.
Okay, then.
It was a potion of cancellation.
You feel magically purged.
Robin roars a battlecry!
The goblins go into a battle-frenzy!
The goblin barely misses you. The goblin hits you with a +0 club.
You are confused.
You feel invigorated.
Robin hits you with a +4 mace of protection.
The goblin misses you. The goblin hits you but does no damage.
The goblin closely misses you.
You are too injured to fight recklessly!
You bump into the rock wall.
Robin hits you with a +4 mace of protection!
* * * LOW HITPOINT WARNING * * *
The goblin barely misses you. The goblin hits you with a +0 club.
* * * LOW HITPOINT WARNING * * *
You bump into the rock wall.
You feel less invigorated.
You feel less confused. Robin throws the goblin at you!
The goblin closely misses you.
The goblin hits you but does no damage. x2; The hobgoblin hits you.
* * * LOW HITPOINT WARNING * * *
The goblin hits you with a +0 dagger.
You die...

*,,,*,,,,,#..gg..................
,,*,,,,,,,***#).....#.###)#######
,****,,,,,* #......#...#).......
,* ******* #......###......###.
,* #..(...###......# #. ,*
#.)....#........# #. ,**
#.g(...#........# #. ,,**
#.ggg..#........# #. *,,*
###@g..#........# #. ,,**
#gg..##.......# #. ,**
#....##.....#.# #. **
#....##.....#.# #.
#############.###. ##.....
####...... #.....##.# #.....##>.


You could see Robin, 2 hobgoblins and 4 goblins.

Vanquished Creatures
  3 gnolls (D:2)
  3 adders (D:2)
  5 ball pythons
  3 bats (D:1)
  2 endoplasms
  4 giant cockroaches
  4 hobgoblins
  3 quokkas (D:1)
  5 goblins
  3 kobolds
  4 rats
39 creatures vanquished.

Vanquished Creatures (others)
  92 foxfires
  A plant (D:1)
93 creatures vanquished.

Grand Total: 132 creatures vanquished

Notes
Turn   | Place    | Note
-------+----------+-------------------------------------------
     0 | D:1      | croobank the Demonspawn Fire Elementalist began the quest
                  | for the Orb.
     0 | D:1      | Reached XP level 1. HP: 13/13 MP: 3/3
   246 | D:1      | Gained mutation: You have a pair of small antennae on your
                  | head. [demonic ancestry]
   246 | D:1      | Reached XP level 2. HP: 19/19 MP: 1/5
   915 | D:1      | Identified a scroll of acquirement
   915 | D:1      | Acquired the Encyclopedia of Geological Shifting
   954 | D:1      | You fall into a shaft and drop 1 floor!
  1205 | D:1      | Found a faded altar of an unknown god.
  1296 | D:2      | Gained mutation: You regenerate a little health from kills.
                  | [demonic ancestry]
  1296 | D:2      | Reached XP level 3. HP: 25/25 MP: 2/6
  1299 | D:2      | Learned a level 2 spell: Scorch
  1638 | D:2      | Reached skill level 3 in Fire Magic
  1639 | D:2      | Reached skill level 1 in Fighting
  1643 | D:2      | Reached XP level 4. HP: 27/32 MP: 0/7
  2024 | D:2      | Noticed Robin
  2045 | D:2      | Slain by a goblin

Illustrated notes

Levels and vault maps discovered:
D:1:      minmay_arrival_shattered_statue, layout_loops_ring,
          shapermc_ecumenical_altar_hornbeckon
D:2:      layout_basic, minmay_misc_feat_tower, uniq_robin

Skill      XL: |  1  2  3 |
---------------+----------+-----
Stealth        | 2 |  2.4
Dodging        | 2 |  2.4
Fire Magic     | 3 |  3.1
Fighting       | 1 |  1.1
Spellcasting   | |  2.5
Conjurations   | |  1.9

Action                   |  1- 3 |  4- 6 || total
-------------------------+-------+-------++-------
Melee: Unarmed           |     1 |       ||     1
       Whip              |    10 |       ||    10
       Short sword       |     4 |    24 ||    28
Throw: Dart              |       |     3 ||     3
 Cast: Foxfire           |    50 |     9 ||    59
       Scorch            |     2 |     1 ||     3
  Use: Scroll            |     8 |     2 ||    10
       Potion            |     3 |     2 ||     5
Armor: Robe              |     2 |     3 ||     5
       Skin              |     5 |    19 ||    24
Dodge: Dodged            |    17 |     9 ||    26
